 Dungeon Crawl Stone Soup version 0.30.1-4-g462c640d31 (webtiles) character file.

Game seed: 15853553812855203448

23390 arthad the Cleaver (level 12, -6/169 HPs)
             Began as a Minotaur Berserker on Aug 20, 2023.
             Was a High Priest of Trog.
             Killed by vampiric draining
             ... invoked by a vampire
              (14 damage)
             ... on level 13 of the Dungeon.
             The game lasted 00:21:10 (10885 turns).

arthad the Cleaver (Minotaur Berserker)            Turns: 10885, Time: 00:21:11

Health: -6/169     AC: 12    Str: 31    XL:     12   Next: 71%
Magic:  11/11      EV: 21    Int:  4    God:    Trog [*****.]
Gold:   571        SH:  0    Dex: 12    Spells: 11/11 levels left

rFire   . . .        T - +0 war axe (freeze)
rCold   . . .        (no shield)
rNeg    . . .        G - +1 ring mail {Will+}
rPois   .            w - +2 hat
rElec   .            L - scarf {repulsion}
rCorr   .            (no gloves)
SInv    .            s - +0 pair of boots
Will    +++..        m - amulet of regeneration Stlth
                     H - +6 ring of strength
HPRegen 1.28/turn    O - ring of Free Expression {Will++ EV+5}
MPRegen 0.12/turn

%: repel missiles
@: berserking, very quick
A: horns 2, retaliatory headbutt
a: Renounce Religion, Berserk, Trog's Hand, Brothers in Arms


You were on level 13 of the Dungeon.
You worshipped Trog.
Trog was extremely pleased with you.
You visited 1 branch of the dungeon, and saw 13 of its levels.

You collected 1048 gold pieces.
You spent 477 gold pieces at shops.

Inventory:

Hand Weapons
 b - a +1 scimitar of flaming
 u - a +0 battleaxe
 A - a +0 war axe
 T - a +0 war axe of freezing (weapon)
 W - a +5 antimagic scimitar
Missiles
 k - 40 poisoned darts (quivered)
 y - 10 boomerangs
Armour
 s - a +0 pair of boots (worn)
 t - an orb of light
 w - a +2 hat (worn)
 D - a +2 buckler
 G - a +1 ring mail of willpower (worn)
 L - a scarf of repulsion (worn)
 V - the +0 pair of boots "Obips" {*Slow rPois Str+3}
   (You found it on level 10 of the Dungeon)

   Str:       It affects your strength (+3).
   rPois:     It protects you from poison.
   *Slow:     It may slow you when you take damage.
Jewellery
 m - an amulet of regeneration (around neck)
 H - a +6 ring of strength (left hand)
 J - an amulet of faith
 N - a +6 ring of intelligence
 O - the ring of Free Expression (right hand) {Will++ EV+5}
   (You bought it in a shop on level 9 of the Dungeon)

   [ring of evasion]

   EV:        It affects your evasion (+5).
   Will:      It greatly increases your willpower.
 U - a +4 ring of protection
Wands
 d - a wand of polymorph (5)
 e - a wand of flame (44)
 C - a wand of roots (23)
 F - a wand of quicksilver (8)
 S - a wand of charming (4)
Scrolls
 c - 5 scrolls of teleportation
 g - 2 scrolls of fog
 h - 3 scrolls of enchant armour {unknown}
 i - 7 scrolls of enchant weapon
 n - 3 scrolls of fear {unknown}
 p - 3 scrolls of magic mapping {unknown}
 q - a scroll of vulnerability {unknown}
 z - 2 scrolls of poison {unknown}
 E - 2 scrolls of immolation {unknown}
 K - a scroll of silence {unknown}
 P - 2 scrolls of amnesia {unknown}
 X - a scroll of summoning {unknown}
 Y - 2 scrolls of noise {unknown}
 Z - 2 scrolls of identify
Potions
 f - 8 potions of curing
 j - a potion of heal wounds
 l - 4 potions of degeneration
 o - 2 potions of berserk rage
 r - a potion of might {unknown}
 x - 2 potions of mutation
 B - 3 potions of invisibility
 I - a potion of magic {unknown}
 M - 2 potions of flight
 Q - 2 potions of haste
Miscellaneous
 a - a phial of floods
 R - a phantom mirror (inert)


   Skills:
 * Level 12.7 Fighting
 * Level 12.8 Axes
 + Level 4.8 Throwing
 * Level 12.5 Armour
 * Level 11.5 Dodging
 + Level 4.3 Evocations


You had 11 spell levels left.
You didn't know any spells.
Your spell library contained the following spells:

 Spells                   Type           Power      Damage    Failure   Level
 Apportation              Tloc           0%         N/A       58%         1
 Necrotise                Necr           0%         1d4       58%         1
 Summon Small Mammal      Summ           0%         N/A       58%         1
 Ensorcelled Hibernation  Hex/Ice        0%         N/A       73%         2
 Sublimation of Blood     Necr           0%         N/A       73%         2
 Call Canine Familiar     Summ           0%         N/A       91%         3
 Inner Flame              Hex/Fire       0%         N/A       91%         3
 Portal Projectile        Hex/Tloc       0%         N/A       91%         3
 Spider Form              Tmut/Pois      0%         N/A       91%         3
 Anguish                  Hex/Necr       0%         N/A       100%        4
 Animate Dead             Necr           0%         N/A       100%        4
 Leda's Liquefaction      Hex/Erth       0%         N/A       100%        4
 Petrify                  Tmut/Erth      0%         N/A       100%        4
 Irradiate                Conj/Tmut      0%         3d11      100%        5
 Yara's Violent Unravell  Hex/Tmut       0%         3d3       100%        5
 Enfeeble                 Hex            0%         N/A       100%        7
 Haunt                    Necr/Summ      0%         N/A       100%        7
 Infestation              Necr           0%         N/A       100%        8


Dungeon Overview and Level Annotations

Branches:
Dungeon (13/15)            Temple (0/1) D:4            Lair (0/5) D:8
    Orc (0/2) D:12
 Vaults: D:13-14

Altars:
Ashenzari
Cheibriados
Gozag
Hepliaklqana
Okawaru
Trog
Vehumet
Wu Jian
Xom
Yredelemnul

Shops:
D:2 [   D:4 (   D:7 *   D:8 *   D:9 *

Annotations:
D:4 1 runed translucent door, rvierbuc's ghost, amateur DgCj


Innate Abilities, Weirdness & Mutations

You have a pair of horns on your head.
You reflexively headbutt those who attack you in melee.


Message History

* * * LOW HITPOINT WARNING * * *
You barely miss the skeletal warrior.
The skeletal warrior is heavily damaged.
You hit the skeletal warrior. You freeze the skeletal warrior.
The skeletal warrior is severely damaged.
The skeletal warrior misses you.
The skeletal warrior completely misses you.
You furiously retaliate!
You headbutt the skeletal warrior!! You barely miss the skeletal warrior.
The skeletal warrior is almost destroyed.
You hit the skeletal warrior.
The skeletal warrior is almost destroyed.
The skeletal warrior hits you but does no damage.
The skeletal warrior hits you from afar with a +0 glaive.
* * * LOW HITPOINT WARNING * * *
You hit the skeletal warrior but do no damage.
You headbutt the skeletal warrior.
You destroy the skeletal warrior!
Trog accepts your kill.
You slash something! You freeze something. You closely miss something.
The skeletal warrior hits you from afar with a +0 glaive!
* * * LOW HITPOINT WARNING * * *
Something misses you. Something bites you!
* * * LOW HITPOINT WARNING * * *
Something draws strength from your injuries!
You barely miss something.
The skeletal warrior hits you from afar with a +0 glaive!
* * * LOW HITPOINT WARNING * * *
Something hits you but does no damage. Something bites you but does no damage.
You hit something but do no damage. You headbutt something!! You hit something.
Something draws life force from you!
* * * LOW HITPOINT WARNING * * *
The skeletal warrior barely misses you.
You are too berserk!
Okay, then.
You miss something. Your headbutt misses something. You barely miss something.
Your headbutt misses something. Something draws life force from you!
You die...

..# #..# ..# #..#
#(.# <.# #..# #..#
..# #..# #.(# ..#
#..# #..# ..# #..#
#(.# ..# #..# #z.#
..# #..# #.)# ..#
#..# #@)# ..# #..#
#..# ..# #..# #..#
..# #..# #..# ..#
#..# #..# ..# #..#
#..#
..####..########..#
............).....#
###################


You could see a skeletal warrior.

Vanquished Creatures
  A rakshasa (D:13)
  3 two-headed ogres
  A boulder beetle (D:11)
  A tengu warrior (D:13)
  4 skeletal warriors (D:13)
  A harpy (shapeshifter) (D:13)
  3 ugly things
  A manticore (D:12)
  Maurice (D:9)
  Joseph (D:10)
  2 gargoyles (D:11)
  Maggie (D:8)
  An unseen horror (shapeshifter) (D:13)
  An efreet (D:13)
  An unseen horror (D:8)
  A rime drake (D:8)
  6 trolls
  12 slime creatures
  A water elemental (D:12)
  Sigmund (D:2)
  2 wraiths
  2 wyverns
  A basilisk (D:9)
  25 yaks
  A vampire mosquito (D:13)
  A warg (D:12)
  An acid dragon (D:11)
  2 water moccasins
  Duvessa (D:7)
  A black bear (D:4)
  6 orc warriors
  8 ice beasts
  3 sky beasts
  2 wolves (D:8)
  A centaur (D:11)
  5 kobold brigands
  2 wyvern zombies (D:8)
  A gnoll sergeant (D:12)
  5 wights (D:9)
  Dowan (D:7)
  4 killer bees (D:10)
  2 electric eels (D:12)
  3 howler monkeys
  5 centaur zombies (D:8)
  3 jellies
  A gnoll bouda (D:5)
  5 hounds
  7 orc priests
  7 orc wizards
  Natasha (thrice) (D:4)
  2 iguanas
  A killer bee zombie (D:8)
  A howler monkey zombie (D:8)
  Robin (D:2)
  7 adders
  17 gnolls
  2 shadow imps
  2 white imps
  An ufetubus (D:5)
  A worm (D:7)
  43 orcs
  3 endoplasms
  4 giant cockroaches
  15 goblins
  5 hobgoblins
  7 jackals
  4 quokkas
  7 ball pythons
  4 bats
  5 frilled lizards
  28 kobolds
  8 rats
323 creatures vanquished.

Vanquished Creatures (others)
  A yak (D:11)
1 creature vanquished.

Grand Total: 324 creatures vanquished

Notes
Turn   | Place    | Note
-------+----------+-------------------------------------------
     0 | D:1      | arthad the Minotaur Berserker began the quest for the Orb.
     0 | D:1      | Reached XP level 1. HP: 19/19 MP: 0/0
   115 | D:1      | Reached XP level 2. HP: 27/27 MP: 1/1
   805 | D:2      | Reached XP level 3. HP: 33/33 MP: 2/2
   975 | D:2      | Found Toss's Antique Armour Shop.
   987 | D:2      | Reached ** piety under Trog
  1092 | D:2      | Reached XP level 4. HP: 25/41 MP: 3/3
  1368 | D:2      | Noticed Robin
  1388 | D:2      | Killed Robin
  1477 | D:2      | Noticed Sigmund
  1486 | D:2      | Killed Sigmund
  1487 | D:2      | Reached skill level 5 in Fighting
  1487 | D:2      | Reached skill level 5 in Axes
  1487 | D:2      | Reached XP level 5. HP: 41/48 MP: 4/4
  1627 | D:2      | Found a faded altar of an unknown god.
  1777 | D:2      | Reached XP level 6. HP: 56/56 MP: 5/5
  2790 | D:4      | Found Mudghafrih's Antique Weapon Emporium.
  2829 | D:4      | Found a staircase to the Ecumenical Temple.
  2852 | D:4      | Reached skill level 5 in Armour
  3191 | D:4      | Reached XP level 7. HP: 62/62 MP: 6/6
  3267 | D:4      | Reached *** piety under Trog
  3291 | D:4      | Found a runed translucent door.
  3376 | D:4      | Noticed Natasha
  3381 | D:4      | Killed Natasha
  3542 | D:4      | Noticed Natasha
  3553 | D:4      | Killed Natasha
  3591 | D:4      | Noticed rvierbuc's ghost (amateur DgCj)
  3621 | D:4      | Noticed Natasha
  3629 | D:4      | Killed Natasha
  3699 | D:5      | Entered Level 5 of the Dungeon
  3765 | D:5      | Reached skill level 5 in Dodging
  4021 | D:5      | Reached XP level 8. HP: 68/71 MP: 7/7
  4608 | D:6      | You fall into a shaft and drop 2 floors!
  4683 | D:8      | Found a basalt altar of Yredelemnul.
  4945 | D:7      | Reached **** piety under Trog
  5130 | D:7      | Noticed Duvessa
  5132 | D:7      | Noticed Dowan
  5140 | D:7      | Killed Duvessa
  5149 | D:7      | Killed Dowan
  5150 | D:7      | Reached XP level 9. HP: 63/81 MP: 8/8
  5168 | D:7      | Noticed a moth of wrath
  5624 | D:7      | Found an opulent altar of Gozag.
  5624 | D:7      | Found Gozag's Platinum Reserve.
  5811 | D:6      | Found a snail-covered altar of Cheibriados.
  6108 | D:6      | Found an ornate altar of the Wu Jian Council.
  6150 | D:6      | Found a faded altar of an unknown god.
  6150 | D:6      | Found a hazy altar of Hepliaklqana.
  6152 | D:6      | Found a faded altar of an unknown god.
  6229 | D:7      | Found a bloodstained altar of Trog.
  6241 | D:7      | Reached ***** piety under Trog
  6372 | D:8      | Noticed a rime drake
  6378 | D:8      | Reached XP level 10. HP: 67/91 MP: 9/9
  6378 | D:8      | Found a staircase to the Lair.
  6472 | D:8      | Noticed Maggie
  6485 | D:8      | Killed Maggie
  6542 | D:8      | Found a shimmering altar of Xom.
  6561 | D:8      | Found Jeyfer's Neck Hole.
  6570 | D:8      | Bought a scarf of repulsion for 144 gold pieces
  7076 | D:8      | Reached skill level 10 in Fighting
  7076 | D:8      | Reached skill level 10 in Axes
  7076 | D:8      | Reached skill level 1 in Throwing
  7202 | D:9      | Reached skill level 1 in Evocations
  7270 | D:9      | Noticed a two-headed ogre
  7278 | D:9      | Killed a two-headed ogre
  7279 | D:9      | Reached skill level 10 in Armour
  7625 | D:9      | Reached XP level 11. HP: 89/100 MP: 10/10
  7719 | D:9      | Found Codobbez's Assorted Antiques.
  7721 | D:9      | Noticed a two-headed ogre
  7731 | D:9      | Killed a two-headed ogre
  7747 | D:9      | Bought a coppery potion for 21 gold pieces
  7747 | D:9      | Bought a scroll labelled HUIVUCREMUPT for 24 gold pieces
  7747 | D:9      | Bought a gilded ring for 120 gold pieces
  7747 | D:9      | Bought a slimy ivory ring for 120 gold pieces
  7747 | D:9      | Identified the ring of Free Expression {Will++ EV+5} (You
                  | bought it in a shop on level 9 of the Dungeon)
  7747 | D:9      | Bought a scroll labelled FUM YKUNEUNIULA for 24 gold pieces
  7747 | D:9      | Bought a scroll labelled FUM YKUNEUNIULA for 24 gold pieces
  7933 | D:9      | Noticed Maurice
  7941 | D:9      | Killed Maurice
  8085 | D:10     | Entered Level 10 of the Dungeon
  8125 | D:10     | Found an iron altar of Okawaru.
  8496 | D:10     | Found a broken altar of Ashenzari.
  8574 | D:10     | Noticed Joseph
  8583 | D:10     | Killed Joseph
  8620 | D:10     | Identified the +0 pair of boots "Obips" {*Slow rPois Str+3}
  8778 | D:11     | Noticed a boulder beetle
  8790 | D:11     | Killed a boulder beetle
  8791 | D:11     | Reached skill level 10 in Dodging
  8904 | D:11     | Received a gift from Trog
  9205 | D:11     | Found a radiant altar of Vehumet.
  9433 | D:12     | Found a staircase to the Orcish Mines.
  9546 | D:12     | Noticed a white ugly thing
  9559 | D:12     | Killed a white ugly thing
  9560 | D:12     | Reached XP level 12. HP: 41/112 MP: 11/11
 10458 | D:13     | Noticed a tengu warrior
 10459 | D:13     | Noticed a rakshasa
 10468 | D:13     | Killed a tengu warrior
 10481 | D:13     | Killed a rakshasa
 10613 | D:13     | Noticed a two-headed ogre
 10620 | D:13     | Killed a two-headed ogre
 10772 | D:13     | HP: 2/169 [skeletal warrior/+0 battleaxe (26)]
 10883 | D:13     | HP: 7/169 [something (14)]
 10885 | D:13     | Killed from afar by a vampire

Illustrated notes

Levels and vault maps discovered:
D:1:      dreamdust_arrival_sigmund_warning, layout_basic, serial_glass,
          glass_columns_b, glass_columns_c, glass_columns_a, glass_columns_a,
          item_on_display_a
D:2:      layout_loops_ring, hellmonk_ecumenical_altar_zigzags, serial_shops,
          shop, uniq_sigmund, uniq_robin
D:3:      layout_basic
D:4:      layout_cave_pods, temple_pool_b, serial_shops,
          nicolae_shop_advertising_works [nicolae_subvault_shop_adworks],
          gammafunk_ghost_grave, corexii_leaking_fountain,
          grunt_decor_arrowhead, dk_noncrumbling_4, uniq_natasha
D:5:      layout_basic
D:6:      layout_rooms, nicolae_wu_jian_immortal_techniques,
          nicolae_hepliaklqana_ecumenical_no_more,
          mainiacjoe_overflow_surrounded_room
D:7:      layout_cave_pods, tgw_trog, nicolae_gozag_zags_fifth_avenue,
          uniq_duvessa
D:8:      layout_loops_ring, nicolae_yredelemnul_corpse_copse,
          mainiacjoe_overflow_boulevard, hellmonk_lair_entry_icy,
          serial_co_window_serial, co_window_paths_a, co_window_corner_a,
          co_window_cross_1, co_window_corner_a, co_window_paths_a,
          co_window_unsneaky_path_c, co_window_paths_c,
          co_window_of_opportunity_b, co_window_broadway_a, glass_columns_a,
          glass_columns_a, glass_columns_a, nicolae_shop_sticking_my_neck_out,
          uniq_maggie
D:9:      layout_gridville, serial_shops, shop, minmay_hedge_maze,
          small_chamber_with_monster, uniq_maurice
D:10:     layout_roguey, cheibrodos_ashenzari_chains,
          mainiacjoe_overflow_alcove_2, minivault_25, uniq_joseph
D:11:     layout_rooms, vehumet_altar_wand_db
D:12:     layout_basic, erik_orc_3, minmay_misc_feat_hallway,
          nrook_mini_backslash
D:13:     cheibrodos_elevator_heist, layout_long_grid,
          grunt_vaults_entry_fortified

Skill      XL: |  1  2  3  4  5  6  7  8  9 10 11 12 |
---------------+-------------------------------------+-----
Fighting       | 4 5 6 7 9 10 11 12 | 12.7
Axes           | 4 5 6 7 9 10 11 12 | 12.8
Armour         | 3 4 5 6 7 9 10 11 12 | 12.5
Dodging        | 3 4 5 6 8 9 10 11 | 11.5
Throwing       | 2 3 4 |  4.8
Evocations     | 2 3 4 |  4.3

Action                     |  1- 3 |  4- 6 |  7- 9 | 10-12 || total
---------------------------+-------+-------+-------+-------++-------
  Melee: Hand axe          |    60 |   141 |   112 |       ||   313
         Headbutt          |     5 |    20 |    44 |   115 ||   184
         Punch             |       |     1 |     5 |    11 ||    17
         War axe           |       |       |   174 |   417 ||   591
  Throw: Dart              |       |       |    14 |    25 ||    39
         Javelin           |       |       |       |     4 ||     4
 Invoke: Berserk           |     1 |       |       |     3 ||     4
         Trog's Hand       |       |     2 |       |     3 ||     5
  Evoke: Wand              |       |       |       |    13 ||    13
         Phantom mirror    |       |       |       |     1 ||     1
    Use: Potion            |     2 |       |       |     1 ||     3
         Scroll            |       |       |     4 |     6 ||    10
   Stab: Sleeping          |     2 |     1 |     1 |       ||     4
 Armour: Animal skin       |     7 |    15 |    46 |       ||    68
         Ring mail         |       |       |    32 |   107 ||   139
  Dodge: Dodged            |    37 |    73 |   211 |   371 ||   692
         Repelled          |       |       |       |     6 ||     6
